 Dungeon Crawl Stone Soup version 0.31-a0-844-gdc52ec4e09 (webtiles) character file.

Game seed: 17240772961811397283

380 Ethylacetat the Changeling (level 6, 0/42 HPs)
             Began as an Octopode Shapeshifter on Sept 30, 2023.
             Killed from afar by Pikel (19 damage)
             ... with a bolt of dispelling energy
             ... on level 4 of the Dungeon.
             The game lasted 00:02:56 (3225 turns).

Ethylacetat the Changeling (Octopode Shapeshifter)  Turns: 3225, Time: 00:02:57

Health: 0/42       AC:  1    Str: 13    XL:     6   Next: 75%
Magic:  6/6        EV: 14    Int: 12    God:
Gold:   172        SH:  0    Dex: 14    Spells: 5/5 levels left

rFire   . .          .
                       - Unarmed
rCold   . . .        (no shield)
rNeg    . . .        (helmet currently unavailable)
rPois   .            (no amulet)
rElec   .            l - ring of resist corrosion
rCorr   +            (no ring)
SInv    .            (no ring)
Will    .....        (no ring)
Stlth   ++           (no ring)
HPRegen 0.27/turn    (no ring)
MPRegen 0.10/turn    (no ring)
                     (no ring)

%: no passive effects
@: beast-form
A: beast (slay +2), almost no armour, amphibious, 8 rings, camouflage 1,
gelatinous body 1, (nimble swimmer 1), tentacles
a: Begin Untransformation


You were on level 4 of the Dungeon.
You were a hulking beast.
You visited 2 branches of the dungeon, and saw 5 of its levels.

You collected 172 gold pieces.

Inventory:

Jewellery
 l - a ring of resist corrosion (left tentacle)
Talismans
 b - a beast talisman (active)
 c - a flux talisman
Wands
 m - a wand of flame (24)
 p - a wand of iceblast (4)
 q - a wand of polymorph (12)
Scrolls
 f - 2 scrolls of identify {unknown}
 g - a scroll of enchant weapon {unknown}
 i - a scroll of fear {unknown}
 o - a scroll of enchant armour {unknown}
Potions
 d - a potion of mutation {unknown}
 e - a potion of curing {unknown}
 h - a potion of heal wounds {unknown}
 j - a potion of invisibility {unknown}
 k - a potion of degeneration {unknown}
 n - 2 potions of resistance {unknown}


   Skills:
 + Level 3.0 Fighting
 + Level 3.5 Dodging
 + Level 4.1 Unarmed Combat
 * Level 4.9 Shapeshifting


You had 5 spell levels left.
You didn't know any spells.
Your spell library was empty.

Dungeon Overview and Level Annotations

Branches:
Dungeon (4/15)             Temple (1/1) D:4

Altars:
Ashenzari
Elyvilon
Hepliaklqana
Makhleb
Nemelex Xobeh
Okawaru
Ru
Sif Muna
Uskayaw
Vehumet
Wu Jian
Xom
Yredelemnul
Zin

Shops:
D:1 *

Annotations:
D:4 Pikel


Innate Abilities, Weirdness & Mutations

You are a hulking beast.
Your limbs bulge with bestial killing power. (Slay +2)
You cannot wear most types of armour.
You are amphibious.
You can wear up to eight rings at the same time.
Your skin changes colour to match your surroundings (Stealth+).
Your rubbery body absorbs attacks. (AC +1, EV +1)
((You are camouflaged when in or above water. (Stealth+)))
You have tentacles for arms and can constrict up to eight enemies at once.


Message History

Found a dagger.
Pikel, Merchant of Souls comes into view.
He is wielding a +1 whip of flaming and carrying a wand of quicksilver.
The lemure shouts!
Pikel shouts!
You hear a shout!
A lemure comes into view. x2
Pikel moves out of view.
You hear a shout!
A lemure comes into view.
You tentacle-slap the lemure. Your grab misses the lemure.
You squeeze the lemure!
The lemure is heavily wounded.
The lemure closely misses you.
You tentacle-slap the lemure but do no damage.
You grab the lemure.
The lemure is heavily wounded.
You constrict the lemure. The lemure closely misses you.
You tentacle-slap the lemure but do no damage.
You squeeze the lemure.
The lemure is heavily wounded.
You constrict the lemure.
Pikel checks his coin pouch and frowns.
The lemure hits you.
You tentacle-slap the lemure.
The lemure is almost dead.
You constrict the lemure. The lemure misses you.
You tentacle-slap the lemure.
You kill the lemure!
That felt strangely unrewarding.
You tentacle-slap Pikel. Your grab misses Pikel.
Pikel is lightly wounded.
Pikel hits you with a +1 whip of flaming!
Pikel burns you.
You tentacle-slap Pikel. You grab Pikel.
Pikel is lightly wounded.
You constrict Pikel, but do no damage. Pikel closely misses you.
You tentacle-slap Pikel.
Pikel is moderately wounded.
You constrict Pikel, but do no damage.
Pikel zaps a wand.
The bolt of dispelling energy hits you!!
You die...
Pikel says, "See you in Hell!"

##........... #.
##........)... #.#
............. ..## ...
#......[.... ..# ..
#.......... #.. #..
#5.......... #.♣ #..
#55.........# #.. #..
#K####..## .. #.♣
#..###h# ##.# #.###.)
#..#..# #..# #..##..
#....## #..# #.##..
##....###..# #.....
#..##..#...######.....
....#
##..........<..##.
#...#
##.....######.##.
#.... #.....# #..#.
.### #....## #....


You could see Pikel and 3 lemures.

Vanquished Creatures
  Grinder (D:3)
  A lemure (D:4)
  A hound (D:4)
  Crazy Yiuf (D:3)
  Ijyb (D:3)
  An orc wizard (D:3)
  4 adders
  4 worms
  2 dart slugs
  4 orcs (D:3)
  3 bats
  4 endoplasms
  2 giant cockroaches
  3 goblins
  5 hobgoblins
  5 kobolds
  3 quokkas
  7 ball pythons
  2 rats
54 creatures vanquished.

Notes
Turn   | Place    | Note
-------+----------+-------------------------------------------
     0 | D:1      | Ethylacetat the Octopode Shapeshifter began the quest for
                  | the Orb.
     0 | D:1      | Reached XP level 1. HP: 13/13 MP: 1/1
   233 | D:1      | Found Iruerpha's Assorted Antiques.
   256 | D:1      | Reached XP level 2. HP: 16/18 MP: 2/2
   759 | D:2      | Reached XP level 3. HP: 11/23 MP: 3/3
  1670 | D:2      | Reached XP level 4. HP: 25/29 MP: 4/4
  1965 | D:3      | Noticed Grinder
  1977 | D:3      | Killed Grinder
  1978 | D:3      | Reached XP level 5. HP: 6/35 MP: 5/5
  1978 | D:3      | Reached XP level 6. HP: 7/41 MP: 6/6
  2370 | D:3      | Found a faded altar of an unknown god.
  2375 | D:3      | Found a white marble altar of Elyvilon.
  2696 | D:3      | Noticed Ijyb
  2724 | D:3      | Killed Ijyb
  3035 | D:3      | Found a runed translucent door.
  3036 | D:3      | Noticed Crazy Yiuf
  3043 | D:3      | Killed Crazy Yiuf
  3163 | D:4      | Found a staircase to the Ecumenical Temple.
  3174 | Temple   | Entered the Ecumenical Temple
  3214 | D:4      | Noticed Pikel
  3225 | D:4      | Killed from afar by Pikel

Illustrated notes

Levels and vault maps discovered:
D:1:      nicolae_arrival_memento_mori, layout_loops_cross, serial_shops,
          nicolae_shop_rolling_square
D:2:      layout_basic
D:3:      layout_loops_corners, nicolae_overflow_ecumenical_swirl,
          chequers_serial_rivers_micro_b, uniq_ijyb, uniq_grinder,
          uniq_crazy_yiuf_cottage
D:4:      layout_layer_cave, minmay_temple_entry_trees, gup_sewer_entry_spiral,
          minmay_joined_circles, uniq_pikel
Temple:   nicolae_temple_god_jail

Skill      XL: |  1  2  3  4  5  6 |
---------------+-------------------+-----
Fighting       | 2 3 |  3.0
Dodging        | 3 |  3.5
Shapeshifting  | 4 |  4.9
Unarmed Combat | 4 |  4.1

Action                     |  1- 3 |  4- 6 || total
---------------------------+-------+-------++-------
  Melee: Unarmed           |    65 |    84 ||   149
         Constrict         |    19 |    16 ||    35
         Tentacles         |    18 |    16 ||    34
         Punch             |     1 |     1 ||     2
    Use: Potion            |       |     1 ||     1
   Stab: Sleeping          |     7 |     1 ||     8
         Distracted        |     1 |       ||     1
 Armour: Skin              |    27 |    31 ||    58
  Dodge: Dodged            |    41 |    36 ||    77

Table legend: (Time is in decaauts)
 A = Elapsed time spent in this place.
 B = Non-inter-level travel time spent in this place.
 C = Inter-level travel time spent in this place.
 D = Time resting spent in this place.
 E = Time spent auto-exploring this place.
 F = Levels seen in this place.
 G = Mean time per level.
                   A        B        C        D        E       F      G
               +--------+--------+--------+--------+--------+-----+--------+
         Total |   3212 |   3100 |    112 |     42 |   2670 |   5 |  642.4 |
       Dungeon |   3210 |   3098 |    112 |     42 |   2670 |   4 |  802.5 |
        Temple |      1 |      1 |      0 |      0 |      0 |   1 |    1.0 |
               +--------+--------+--------+--------+--------+-----+--------+

Top non-repeatable levels by time:
     D:3: 1244 daAuts
     D:2: 1137 daAuts
     D:1: 750 daAuts
     D:4: 79 daAuts
  Temple: 1 daAuts
